 Dungeon Crawl Stone Soup version 0.27-a0-1144-g0b7d3b79db (webtiles) character file.

Game seed: 10392702871696838001

4640 robertstho the Fighter (level 10, -5/82 HPs)
             Began as a Demonspawn Berserker on May 10, 2021.
             Was an Elder of Trog.
             Hit by a large rock thrown by a cyclops (16 damage)
             ... on level 7 of the Dungeon.
             The game lasted 00:08:11 (11159 turns).

robertstho the Fighter (Demonspawn Berserker)      Turns: 11159, Time: 00:08:12

Health: -5/82      AC: 17    Str: 21    XL:     10   Next: 20%
Magic:  10/10      EV:  7    Int:  8    God:    Trog [****..]
Gold:   312        SH:  0    Dex: 13    Spells: 9/9 levels left

rFire    . . .     SeeInvis +   z - +0 battleaxe
rCold    . . .     Faith    .   (shield currently unavailable)
rNeg     . . .     Spirit   .   y - +0 plate armour
rPois    .         Reflect  .   (helmet unavailable)
rElec    .         Harm     .   (no cloak)
rCorr    .         Rampage  .   (no gloves)
Will     .....                  t - +0 pair of boots
Stlth    ..........             (no amulet)
HPRegen  0.23/turn              (no ring)
MPRegen  0.12/turn              (no ring)

@: on berserk cooldown, slowed, very slow
A: antennae 3, icy blue scales 1, foul stench 1, corrupting presence 1
a: Renounce Religion, Berserk, Trog's Hand, Brothers in Arms


You were on level 7 of the Dungeon.
You worshipped Trog.
Trog was greatly pleased with you.
You visited 1 branch of the dungeon, and saw 7 of its levels.

You collected 312 gold pieces.

Inventory:

Hand Weapons
 h - a +2 flail of draining
 i - a +0 war axe
 z - a +0 battleaxe (weapon)
Armour
 t - a +0 pair of boots (worn)
 y - a +0 plate armour (worn)
Jewellery
 A - a ring of ice
Wands
 m - a wand of digging (5)
 p - a wand of mindburst (13)
 u - a wand of flame (28)
Scrolls
 a - a scroll of teleportation {unknown}
 b - a scroll of vulnerability {unknown}
 c - 2 scrolls of immolation {unknown}
 j - a scroll of brand weapon
 o - a scroll of fog {unknown}
 s - a scroll of enchant armour {unknown}
 v - a scroll of noise {unknown}
 w - 2 scrolls of enchant weapon {unknown}
 x - a scroll of torment {unknown}
 B - a scroll of magic mapping {unknown}
Potions
 d - 5 potions of curing
 e - 2 potions of resistance
 f - a potion of attraction {unknown}
 g - a potion of flight {unknown}
 k - 4 potions of mutation {unknown}
 l - 3 potions of lignification {unknown}
 n - a potion of haste {unknown}
 q - 3 potions of heal wounds {unknown}
 r - a potion of degeneration {unknown}


   Skills:
 * Level 8.5 Fighting
 + Level 8.3 Axes
 * Level 8.2 Armour
 + Level 3.1 Dodging
 + Level 1.9 Stealth


You had 9 spell levels left.
You didn't know any spells.
Your spell library was empty.

Dungeon Overview and Level Annotations

Branches:
Dungeon (7/15)             Temple (0/1) D:7

Altars:
Hepliaklqana
Okawaru
Ru
Sif Muna
Trog
Xom
The Shining One

Annotations:
D:3 3 runed translucent doors, MikuNakano's ghost, amateur VSFi; freelancePsychic's ghost, amateur PaAK


Innate Abilities, Weirdness & Mutations

You have a pair of large antennae on your head. (SInv)
You are partially covered in icy blue scales. (AC +2)
You may rarely emit foul miasma when damaged in melee.
Your presence sometimes corrodes those you injure.


Message History

The two-headed ogre hits you with a +0 giant spiked club.
The two-headed ogre hits you but does no damage.
You have reached level 10!
Your plate armour prevents you from hitting the two-headed ogre.
The two-headed ogre is moderately wounded.
The two-headed ogre hits you with a +0 giant spiked club!!
The two-headed ogre hits you with a +0 giant club!
Unknown command.
You are too injured to fight recklessly!
You are too injured to fight recklessly!
Unknown command.
Unknown command.
You are too injured to fight recklessly!
Unknown command.
You are too injured to fight recklessly!
You closely miss the two-headed ogre.
The two-headed ogre is moderately wounded.
You slash the black bear!
The black bear bites you but does no damage.
The black bear barely misses you.
The black bear claws you but does no damage.
The two-headed ogre hits you with a +0 giant spiked club!
* * * LOW HITPOINT WARNING * * *
The two-headed ogre hits you with a +0 giant club!!
* * * LOW HITPOINT WARNING * * *
You slice the two-headed ogre!!
The two-headed ogre is severely wounded.
You slash the black bear!
The black bear goes berserk!
You slice the two-headed ogre!!
You kill the two-headed ogre!
Trog accepts your kill.
You slice the black bear!!
You kill the black bear!
Trog accepts your kill.
Your Axes skill increases to level 8!
Your Armour skill increases to level 8!
You are no longer berserk.
You are exhausted.
You feel yourself slow down.
The cyclops throws a large rock.
The large rock hits you!
You die...

....## #...# #...##.......#
###..###############.....########
.....................###.........
##......##############.#####.####
........# ##...# #.# ......).#
###...... #.# ......### ###.)..C#
#.# ....#.# #..?).# { { #.#
#####.# ###.@### { #.# ## #.#
###.'...# { #.# .# #.#
###...##..# { #.#
.####.###......#...# #.#
..))..#.....#..##..# ###.#
...)..##..###)†.#.... ###...#
..#....#...###..##...###.....#
###.##.##..#.....#.###.......#
....##..#......#####.[.......#


You could see a cyclops.

Vanquished Creatures
  A two-headed ogre (D:7)
  Pikel (D:6)
  Grinder (D:6)
  A wyvern (D:7)
  Edmund (D:5)
  A steam dragon (D:7)
  Duvessa (D:7)
  2 water moccasins (D:7)
  An orc warrior (D:7)
  An ice beast (D:7)
  4 sky beasts
  2 black bears
  3 necrophages
  3 ogres (D:7)
  2 centaurs (D:7)
  2 lemures (D:6)
  2 bullfrogs
  3 scorpions
  Dowan (D:7)
  A water moccasin zombie (D:5)
  5 wights (D:7)
  An oklob sapling (D:7)
  A howler monkey (D:4)
  A centaur zombie (D:7)
  2 centaur skeletons
  An orc priest (D:7)
  A gnoll shaman (D:6)
  A jelly (D:5)
  3 iguanas (D:5)
  An orc wizard (D:3)
  A hound zombie (D:5)
  2 hound skeletons
  Robin (D:4)
  A howler monkey zombie (D:3)
  11 gnolls
  4 adders
  A white imp (D:7)
  An ufetubus (D:7)
  7 dart slugs
  8 orcs
  7 endoplasms
  2 giant cockroaches
  14 goblins
  10 hobgoblins
  6 jackals
  3 quokkas
  9 ball pythons
  2 bats
  3 frilled lizards
  10 kobolds
  5 rats
159 creatures vanquished.

Vanquished Creatures (others)
  20 plants
20 creatures vanquished.

Grand Total: 179 creatures vanquished

Notes
Turn   | Place    | Note
-------+----------+-------------------------------------------
     0 | D:1      | robertstho the Demonspawn Berserker began the quest for the
                  | Orb.
     0 | D:1      | Reached XP level 1. HP: 18/18 MP: 1/1
   415 | D:1      | Gained mutation: You have a pair of small antennae on your
                  | head. [demonic ancestry]
   415 | D:1      | Reached XP level 2. HP: 24/24 MP: 2/2
   911 | D:1      | Gained mutation: You may rarely emit foul miasma when
                  | damaged in melee. [demonic ancestry]
   911 | D:1      | Reached XP level 3. HP: 27/30 MP: 3/3
  1660 | D:2      | Reached ** piety under Trog
  2117 | D:2      | Found a hazy altar of Hepliaklqana.
  2528 | D:2      | Reached XP level 4. HP: 37/37 MP: 4/4
  2639 | D:2      | Found a faded altar of an unknown god.
  3131 | D:3      | Reached skill level 1 in Stealth
  3133 | D:3      | Gained mutation: You have a pair of antennae on your head.
                  | [demonic ancestry]
  3133 | D:3      | Reached XP level 5. HP: 42/42 MP: 5/5
  3610 | D:3      | Found an iron altar of Okawaru.
  3966 | D:3      | Found a runed translucent gate.
  3967 | D:3      | Found a runed translucent gate.
  3967 | D:3      | Found a runed translucent gate.
  4033 | D:3      | Noticed freelancePsychic's ghost (amateur PaAK)
  4033 | D:3      | Noticed MikuNakano's ghost (amateur VSFi)
  4717 | D:4      | Gained mutation: You have a pair of large antennae on your
                  | head. (SInv) [demonic ancestry]
  4717 | D:4      | Reached XP level 6. HP: 23/49 MP: 6/6
  4973 | D:4      | Reached *** piety under Trog
  5288 | D:4      | Noticed Robin
  5296 | D:4      | Killed Robin
  5683 | D:4      | Found a bloodstained altar of Trog.
  6360 | D:5      | Entered Level 5 of the Dungeon
  6437 | D:5      | Reached skill level 5 in Fighting
  7074 | D:5      | Reached XP level 7. HP: 47/56 MP: 7/7
  7187 | D:5      | Noticed Edmund
  7197 | D:5      | Killed Edmund
  7582 | D:5      | Reached skill level 5 in Armour
  7983 | D:6      | Reached skill level 5 in Axes
  8057 | D:6      | Gained mutation: Your presence sometimes corrodes those you
                  | injure. [demonic ancestry]
  8057 | D:6      | Reached XP level 8. HP: 64/64 MP: 8/8
  8136 | D:6      | Noticed Grinder
  8151 | D:6      | Killed Grinder
  8406 | D:6      | Noticed Pikel
  8420 | D:6      | Killed Pikel
  9167 | D:6      | Found a hazy altar of Hepliaklqana.
  9285 | D:7      | Gained mutation: You are partially covered in icy blue
                  | scales. (AC +2) [demonic ancestry]
  9285 | D:7      | Reached XP level 9. HP: 56/71 MP: 9/9
  9493 | D:7      | Found a staircase to the Ecumenical Temple.
 10155 | D:7      | Found a shimmering blue altar of Sif Muna.
 10324 | D:7      | Noticed Duvessa
 10324 | D:7      | Noticed Dowan
 10336 | D:7      | Killed Duvessa
 10337 | D:7      | Killed Dowan
 10562 | D:7      | Found a sacrificial altar of Ru.
 10651 | D:7      | Found a shimmering altar of Xom.
 11060 | D:7      | Reached **** piety under Trog
 11145 | D:7      | Noticed a two-headed ogre
 11152 | D:7      | Noticed a cyclops
 11155 | D:7      | Reached XP level 10. HP: 80/80 MP: 10/10
 11158 | D:7      | Killed a two-headed ogre
 11159 | D:7      | Hit by a large rock thrown by a cyclops

Illustrated notes

Levels and vault maps discovered:
D:1:      shiori_arrival_whats_in_store_for_you, layout_basic
D:2:      layout_loops_ring, ebering_ecumenical_altar_abandoned, basic_altar
D:3:      layout_basic, lemuel_crystal_altar, gammafunk_ghost_cemetery,
          lexackson_kobold_supper
D:4:      layout_layer_cave, nicolae_overflow_crystal_walls, uniq_robin
D:5:      layout_basic, kennysheep_mini_moat, chequers_hall_statues_corner_a,
          uniq_edmund
D:6:      layout_loops_corners, worldfamousw_hep_ancestral_shrine, uniq_pikel,
          uniq_grinder
D:7:      minmay_slanted_spiral_squares, layout_basic, marbit_many_paths,
          old_standard_altar, nicolae_overflow_hidden_temple,
          minmay_temple_entry_oklob, uniq_duvessa

Skill      XL: |  1  2  3  4  5  6  7  8  9 10 |
---------------+-------------------------------+-----
Armour         | 2 3 4 5 6 7 8 |  8.2
Dodging        | 2 3 |  3.1
Axes           | 3 4 5 6 7 8 |  8.3
Fighting       | 4 5 6 8 |  8.5
Stealth        | 1 |  1.9

Action                   |  1- 3 |  4- 6 |  7- 9 | 10-12 || total
-------------------------+-------+-------+-------+-------++-------
Melee: Hand axe          |   113 |    41 |       |       ||   154
       War axe           |       |   138 |   108 |       ||   246
       Battleaxe         |       |       |   122 |     4 ||   126
Invok: Berserk           |     3 |     7 |    12 |       ||    22
  Use: Scroll            |       |     4 |       |       ||     4
 Stab: Sleeping          |     3 |       |       |       ||     3
Armor: Animal skin       |    15 |       |       |       ||    15
       Ring mail         |       |    71 |       |       ||    71
       Scale mail        |       |     1 |    48 |       ||    49
       Plate armour      |       |       |   128 |     2 ||   130
Dodge: Dodged            |    54 |   108 |   127 |     1 ||   290

Table legend: (Time is in decaauts)
 A = Elapsed time spent in this place.
 B = Non-inter-level travel time spent in this place.
 C = Inter-level travel time spent in this place.
 D = Time resting spent in this place.
 E = Time spent auto-exploring this place.
 F = Levels seen in this place.
 G = Mean time per level.
                   A        B        C        D        E       F      G
               +--------+--------+--------+--------+--------+-----+--------+
         Total |  11466 |  11053 |    413 |   1414 |   8355 |   7 | 1638.0 |
       Dungeon |  11466 |  11053 |    413 |   1414 |   8355 |   7 | 1638.0 |
               +--------+--------+--------+--------+--------+-----+--------+

Top non-repeatable levels by time:
     D:3: 1961 daAuts
     D:4: 1845 daAuts
     D:7: 1793 daAuts
     D:5: 1647 daAuts
     D:1: 1645 daAuts
     D:6: 1491 daAuts
     D:2: 1082 daAuts
